woodfighter, neutral female scurrid Tourist ------ ----- |....| |...| |.``.----.`.| |..`........| |..--->---.f| |---------@--- |..^^^<|.q`q.| |(.----|`...%| --^| |.`...| |^-----.`...| |..^^^^`.`..| |..---------- ---- woodfighter the Excursionist Experience level: 6 Strength: 13 Dexterity: 14 Constitution: 14 Intelligence: 16 Wisdom: 7 Charisma: 12 Health: 0(32) Energy: 23(23) Def: 2 Gold: 1290 Moves: 2296 Dungeon seed: 6QRzmJKyzGpGb4tu Game ID: woodfighter_1526894472 Your Inventory: Coins $ - 1290 gold pieces Weapons a - 33 +2 darts (in quiver) Armor e - an uncursed +0 Hawaiian shirt M - a cursed +0 alchemy smock N - a cursed -1 cloak of invisibility Q - an uncursed +0 mummy wrapping T - a cursed -2 pair of high boots W - a blessed +1 dented pot Y - an uncursed +0 leather armor (being worn) Comestibles c - 2 uncursed lembas wafers d - an uncursed egg f - an uncursed sprig of wolfsbane h - an uncursed egg i - 2 uncursed chestnuts j - an uncursed orange k - 2 uncursed food rations K - 2 uncursed tripe rations Scrolls n - 4 uncursed scrolls of magic mapping t - a cursed scroll of enchant weapon u - an uncursed scroll of identify A - 4 uncursed scrolls of scare monster F - an uncursed scroll of light G - an uncursed scroll of teleportation O - 2 blessed scrolls of identify Spellbooks S - a cursed spellbook of healing Rings B - a cursed ring of teleportation J - an uncursed ring of teleport control Wands q - a wand of secret door detection (0:12) Tools b - an uncursed stethoscope o - an expensive camera (0:56) r - an uncursed towel w - an uncursed magic whistle y - an uncursed credit card L - a cursed brass lantern (0:1057) Spells and supernatural/magical abilities: Name Level Category Fail Memory W - pray for help -- divine ? -- Your skills at the end: Miscellaneous Skills wands [Basic] Weapon Skills dart [Basic] Spellcasting Skills Final Attributes: You were devoutly aligned. You were fire resistant. You had infravision. You were very stealthy. You are dead. Vanquished creatures: a giant beetle 7 piranhas a fog cloud a shrieker a kobold mummy a giant ant a floating eye 2 homunculi an iguana 2 hill orcs a rothe a giant bat 3 coyotes 2 geckos 3 hobgoblins 3 cave spiders 2 red molds a gnome 14 manes 6 jackals 7 newts a goblin 2 sewer rats 8 grid bugs 2 lichens 74 creatures vanquished. Voluntary challenges: You did not adorn yourself with jewelry or accessories. You did not cause conflict. You were not invisible. You did not have reflection. You were not displaced. You were an atheist. You never hit with a wielded weapon. You did not apply a unicorn horn. You did not use plumbed fixtures. You did not drink any magical draughts. You read items or engraved 2 times, starting on turn 1297. You never genocided any monsters. You never polymorphed an object. You never changed form. You used no wishes. You never split a pudding. You never wrote Elbereth's name. You never violated your personal moral code. Dungeon overview: The Dungeons of Doom: levels 1 to 6 Level 1 a fountain a long staircase Level 2 a general store stairs to The Gnomish Mines Level 3 a fountain Level 4 Level 5 many fountains Level 6 stairs to Sokoban The Gnomish Mines: Level 3 stairs to The Dungeons of Doom Sokoban: Level 5 <- You were here a magic chest stairs to The Dungeons of Doom History has recorded: On T:1 you entered the Dungeons of Doom to retrieve the Amulet of Yendor! On T:184 you reached level 2 of The Dungeons of Doom. On T:362 you reached level 3 of The Dungeons of Doom. On T:376 you reached level 1 of The Gnomish Mines. On T:616 you advanced to experience level 2. On T:634 you reached level 5 of The Dungeons of Doom. On T:660 you advanced to experience level 3. On T:765 you advanced to experience level 4. On T:898 you reached level 6 of The Dungeons of Doom. On T:965 you reached level 4 of The Dungeons of Doom. On T:1490 you advanced to experience level 5. On T:2203 you advanced to experience level 6. On T:2216 you reached level 4 of Sokoban. Score breakdown: Gold: 637 ( 63 points) Experience: 6 levels ( 500 points) Exploration: 6 levels ( 150 points) Discoveries: 13 items ( 650 points) Variety of kills: 25 monsters ( 1250 points) Major goal: (nothing yet) ( 0 points) Survival: died (score multiplied by 3) Total score: 7839 Latest messages: You see here a lembas wafer. You have a little trouble lifting c - an uncursed lembas wafer. With great effort you move the boulder. You drop a dark potion. You drop a black potion. You drop a potion called hallu. You drop a bubbly potion. You drop a murky potion. You drop a cyan potion. You drop 2 potions called hallu. You drop a fizzy potion. You drop a cyan potion. You drop 2 uncursed potions of extra healing. Your movements are now unencumbered. The dart hits the rothe. You kill the rothe! The dart hits the rothe. The rothe claws you! The rothe bites! (2x) The rothe claws you! The rothe bites! (2x) You die... Final status: Aloha woodfighter the Tourist, killed by a rothe... You died in Sokoban on dungeon level 5 with 7839 points, and 1290 pieces of gold, after 2296 moves. You were level 6 with a maximum of 32 hit points when you died.